3L
SEATTLE ROCKETEERS @ ECHO PARK LAKERS
08/29/2038
 
TOP OF THE 1ST
Seattle Rocketeers batting - Pitching for Echo Park Lakers : RHP Wop Baars
Pitching: RHP Wop Baars
Batting: RHB Andrés López 0-0: Ball
1-0: Ball
2-0: Ball
3-0: Base on Balls
Batting: RHB Alain Grosjean 0-0: Called Strike
0-1: Fly out, F3 (Popup, 3SF, EV 83.1 MPH)
Batting: LHB Vicente Gonzáles 0-0: Called Strike
0-1: Ball
1-1: Grounds into double play, 4-6-3 (Groundball, 4, EV 92.5 MPH)
Top of the 1st over - 0 runs, 0 hits, 0 errors, 0 left on base; Seattle 0 - Echo Park 0
BOTTOM OF THE 1ST
Echo Park Lakers batting - Pitching for Seattle Rocketeers : RHP John A. Mais
Pitching: RHP John A. Mais
Batting: LHB Wu-shun Chu 0-0: Ground out U3 (Groundball, 34, EV 101.2 MPH)
Batting: RHB Kyu-cheol Kye 0-0: Called Strike
0-1: Ball
1-1: Foul Ball, location: 2F
1-2: SINGLE (Line Drive, 56D, EV 94.4 MPH)
Batting: RHB Mario Castillo 0-0: Called Strike
0-1: Foul Ball, location: 2F
0-2: Ball
1-2: Ball
Kyu-cheol Kye steals 2nd base
2-2: SINGLE (Groundball, 6MD, EV 106.2 MPH)
Kyu-cheol Kye to third
Runner from 3rd tries for Home, SAFE, no throw by CF
Batting: LHB Tomás Muinos 0-0: Swinging Strike
0-1: Ball
1-1: Ball
2-1: Reached on error, E3 (Popup, 34S, EV 87.5 MPH)
Mario Castillo to second
Batting: RHB Ryoma Yamamoto 0-0: Ball
1-0: Fielders Choice at 2nd, 6-4 (Groundball, 6, EV 105.0 MPH)
Mario Castillo to third
Batting: LHB Rich Watkins 0-0: Ball
1-0: Foul Ball, location: 2F
1-1: Ball
2-1: Swinging Strike
2-2: Foul Ball, location: 2F
2-2: Ground out 1-3 (Groundball, 15S, EV 70.6 MPH)
Bottom of the 1st over - 1 run, 2 hits, 1 error, 2 left on base; Seattle 0 - Echo Park 1
TOP OF THE 2ND
Seattle Rocketeers batting - Pitching for Echo Park Lakers : RHP Wop Baars
Batting: RHB Meester Gobbles-Rooster 0-0: Ball
1-0: Ball
2-0: Fly out, F3 (Popup, 34, EV 59.4 MPH)
Batting: RHB Claudio Tappen 0-0: Swinging Strike
0-1: Ball
1-1: Called Strike
1-2: Fly out, F9 (Flyball, 9LS, EV 88.1 MPH)
Batting: LHB Robby Young 0-0: Called Strike
0-1: Ground out 1-3 (Groundball, 34S, EV 80.6 MPH)
Top of the 2nd over - 0 runs, 0 hits, 0 errors, 0 left on base; Seattle 0 - Echo Park 1
BOTTOM OF THE 2ND
Echo Park Lakers batting - Pitching for Seattle Rocketeers : RHP John A. Mais
Batting: RHB Komotay Koffie 0-0: Swinging Strike
0-1: Foul Ball, location: 2F
0-2: Strikes out swinging
Batting: RHB Phil Gillespie 0-0: Ball
1-0: Ground out 5-3 (Groundball, 56, EV 78.8 MPH)
Batting: RHB Felipe Campos 0-0: Ball
1-0: Called Strike
1-1: Ground out 5-3 (Groundball, 56, EV 91.9 MPH)
Bottom of the 2nd over - 0 runs, 0 hits, 0 errors, 0 left on base; Seattle 0 - Echo Park 1
TOP OF THE 3RD
Seattle Rocketeers batting - Pitching for Echo Park Lakers : RHP Wop Baars
Batting: RHB Roger Caffyn 0-0: Called Strike
0-1: Called Strike
0-2: DOUBLE (Flyball, 89D, EV 97.5 MPH)
Batting: LHB Thierry Honoré 0-0: Ball
1-0: Called Strike
1-1: Called Strike
1-2: Ball
2-2: Strikes out looking
Batting: SHB Lodd Felton 0-0: Ball
1-0: Ball
2-0: Fly out, F8 (Flyball, 78D, EV 103.1 MPH)
Batting: RHB Andrés López 0-0: Foul Ball, location: 2F
0-1: Ball
1-1: Foul Ball, location: 2F
1-2: Foul Ball, location: 2F
1-2: Ball
2-2: DOUBLE (Flyball, 8RXD, EV 110.0 MPH)
Roger Caffyn scores
Batting: RHB Alain Grosjean 0-0: Called Strike
0-1: Foul Ball, location: 2F
0-2: Ball
1-2: Foul Ball, location: 2F
1-2: Ball
2-2: Foul Ball, location: 2F
2-2: Ground out 6-3 (Groundball, 6, EV 78.8 MPH)
Top of the 3rd over - 1 run, 2 hits, 0 errors, 1 left on base; Seattle 1 - Echo Park 1
BOTTOM OF THE 3RD
Echo Park Lakers batting - Pitching for Seattle Rocketeers : RHP John A. Mais
Batting: LHB Wu-shun Chu 0-0: Called Strike
0-1: Ball
1-1: Fly out, F8 (Flyball, 8LD, EV 91.9 MPH)
Batting: RHB Kyu-cheol Kye 0-0: Called Strike
0-1: Foul Ball, location: 2F
0-2: Foul Ball, location: 2F
0-2: Ground out 6-3 (Groundball, 6M, EV 82.5 MPH)
Batting: RHB Mario Castillo 0-0: Foul Ball, location: 2F
0-1: Ball
1-1: Ball
2-1: Foul Ball, location: 2F
2-2: Ground out 5-3 (Groundball, 56, EV 96.2 MPH)
Bottom of the 3rd over - 0 runs, 0 hits, 0 errors, 0 left on base; Seattle 1 - Echo Park 1
TOP OF THE 4TH
Seattle Rocketeers batting - Pitching for Echo Park Lakers : RHP Wop Baars
Batting: LHB Vicente Gonzáles 0-0: Ball
1-0: Ball
2-0: SINGLE (Line Drive, 4M, EV 100.6 MPH)
Batting: RHB Meester Gobbles-Rooster 0-0: Ball
1-0: Ball
2-0: Called Strike
2-1: Ball
3-1: SINGLE (Groundball, 5D, EV 106.2 MPH)
Vicente Gonzáles to second
Batting: RHB Claudio Tappen 0-0: Ball
1-0: Called Strike
1-1: Called Strike
1-2: Ball
2-2: Strikes out swinging
Batting: LHB Robby Young 0-0: SINGLE (Groundball, 6D, EV 103.8 MPH)
Vicente Gonzáles to third
Meester Gobbles-Rooster to second
Runner from 3rd tries for Home, SAFE, no throw by CF
Batting: RHB Roger Caffyn 0-0: Ball
1-0: Ball
2-0: Foul Ball, location: 2F
2-1: Called Strike
2-2: Fly out, F8 (Line Drive, 8RM, EV 98.1 MPH)
Batting: LHB Thierry Honoré 0-0: Foul Ball, location: 2F
0-1: Ball
1-1: Swinging Strike
1-2: Foul Ball, location: 2F
1-2: Fly out, F9 (Flyball, 9S, EV 90.0 MPH)
Top of the 4th over - 1 run, 3 hits, 0 errors, 2 left on base; Seattle 2 - Echo Park 1
BOTTOM OF THE 4TH
Echo Park Lakers batting - Pitching for Seattle Rocketeers : RHP John A. Mais
Batting: LHB Tomás Muinos 0-0: Ball
1-0: Ball
2-0: Called Strike
2-1: Foul Ball, location: 2F
2-2: Strikes out swinging
Batting: RHB Ryoma Yamamoto 0-0: Foul Ball, location: 2F
0-1: SINGLE (Line Drive, 89S, EV 97.5 MPH)
Batting: LHB Rich Watkins 0-0: Ball
1-0: Fly out, F6 (Popup, 6, EV 81.2 MPH)
Batting: RHB Komotay Koffie 0-0: Ball
1-0: Called Strike
1-1: Foul Ball, location: 2F
1-2: Ball
2-2: Foul Ball, location: 2F
2-2: SINGLE (Flyball, 78M, EV 93.8 MPH)
Ryoma Yamamoto to second
Batting: RHB Phil Gillespie 0-0: Swinging Strike
0-1: Ball
1-1: SINGLE (Line Drive, 89M, EV 91.9 MPH)
Ryoma Yamamoto to third
Komotay Koffie to second
Batting: RHB Felipe Campos 0-0: Called Strike
0-1: DOUBLE (Line Drive, 9LM, EV 106.2 MPH)
Ryoma Yamamoto scores
Komotay Koffie scores
Phil Gillespie to third
Batting: LHB Wu-shun Chu 0-0: Foul Ball, location: 2F
0-1: Swinging Strike
0-2: Ball
1-2: Strikes out looking
Bottom of the 4th over - 2 runs, 4 hits, 0 errors, 2 left on base; Seattle 2 - Echo Park 3
TOP OF THE 5TH
Seattle Rocketeers batting - Pitching for Echo Park Lakers : RHP Wop Baars
Batting: SHB Lodd Felton 0-0: Called Strike
0-1: Foul Ball, location: 2F
0-2: Foul Ball, location: 2F
0-2: Ball
1-2: Ball
2-2: SINGLE (Groundball, 34D, EV 99.4 MPH)
Batting: RHB Andrés López 0-0: Ball
1-0: Ball
2-0: Called Strike
2-1: Foul Ball, location: 2F
2-2: Strikes out swinging
Batting: RHB Alain Grosjean 0-0: Called Strike
0-1: Foul Ball, location: 2F
0-2: Fly out, F7 (Flyball, 7, EV 80.6 MPH)
Batting: LHB Vicente Gonzáles 0-0: Foul Ball, location: 2F
0-1: Ball
1-1: Ball
2-1: Ball
3-1: Foul Ball, location: 2F
3-2: Strikes out swinging
Top of the 5th over - 0 runs, 1 hit, 0 errors, 1 left on base; Seattle 2 - Echo Park 3
BOTTOM OF THE 5TH
Echo Park Lakers batting - Pitching for Seattle Rocketeers : RHP John A. Mais
Batting: RHB Kyu-cheol Kye 0-0: Called Strike
0-1: Ground out 1-3 (Groundball, P, EV 83.8 MPH)
Batting: RHB Mario Castillo 0-0: Ball
1-0: Swinging Strike
1-1: Called Strike
1-2: Ground out 6-3 (Groundball, 6, EV 96.9 MPH)
Batting: LHB Tomás Muinos 0-0: Called Strike
0-1: Ball
1-1: Fly out, F7 (Flyball, 7D, EV 78.8 MPH)
Bottom of the 5th over - 0 runs, 0 hits, 0 errors, 0 left on base; Seattle 2 - Echo Park 3
TOP OF THE 6TH
Seattle Rocketeers batting - Pitching for Echo Park Lakers : RHP Wop Baars
Batting: RHB Meester Gobbles-Rooster 0-0: Fly out, F9 (Flyball, 9LS, EV 89.4 MPH)
Batting: RHB Claudio Tappen 0-0: Ball
1-0: Called Strike
1-1: SINGLE (Line Drive, 89S, EV 109.4 MPH)
Batting: LHB Robby Young 0-0: Ball
1-0: Called Strike
1-1: Ball
2-1: Foul Ball, location: 2F
2-2: Ground out 6-3 (Groundball, 6, EV 109.4 MPH)
Claudio Tappen to second
Batting: RHB Roger Caffyn 0-0: Ball
1-0: Fly out, F7 (Line Drive, 7D, EV 100.6 MPH)
Top of the 6th over - 0 runs, 1 hit, 0 errors, 1 left on base; Seattle 2 - Echo Park 3
BOTTOM OF THE 6TH
Echo Park Lakers batting - Pitching for Seattle Rocketeers : RHP John A. Mais
Batting: RHB Ryoma Yamamoto 0-0: SINGLE (Groundball, 4MD, EV 108.1 MPH)
Batting: LHB Rich Watkins 0-0: Bunted foul
0-1: Bunted foul
0-2: Ball
1-2: Strikes out looking
Batting: RHB Komotay Koffie 0-0: Ball
1-0: Ball
2-0: Ball
3-0: Base on Balls
Ryoma Yamamoto to second
Batting: RHB Phil Gillespie 0-0: Ball
1-0: Ball
2-0: Swinging Strike
2-1: Swinging Strike
2-2: Strikes out swinging
Batting: RHB Felipe Campos 0-0: Single, Error in OF, E8, batter to second base (Groundball, 6MD, EV 106.9 MPH)
Ryoma Yamamoto scores
Komotay Koffie to third
Batting: LHB Wu-shun Chu 0-0: Called Strike
0-1: Ball
1-1: Ball
2-1: Swinging Strike
2-2: Foul Ball, location: 2F
2-2: Ground out 4-3 (Groundball, 4, EV 88.8 MPH)
Bottom of the 6th over - 1 run, 2 hits, 1 error, 2 left on base; Seattle 2 - Echo Park 4
TOP OF THE 7TH
Seattle Rocketeers batting - Pitching for Echo Park Lakers : RHP Wop Baars
Batting: LHB Thierry Honoré 0-0: Called Strike
0-1: Foul Ball, location: 2F
0-2: Ball
1-2: DOUBLE (Line Drive, 78M, EV 98.1 MPH)
Batting: SHB Lodd Felton 0-0: Ball
1-0: Foul Ball, location: 2F
1-1: Swinging Strike
1-2: Ball
2-2: Ball
3-2: Foul Ball, location: 2F
3-2: Strikes out swinging
Pitching: RHP Mark Collingwood
Batting: RHB Andrés López 0-0: Called Strike
0-1: Foul Ball, location: 2F
0-2: Foul Ball, location: 2F
0-2: Strikes out swinging
Batting: RHB Alain Grosjean 0-0: Called Strike
0-1: Ball
1-1: Foul Ball, location: 2F
1-2: Strikes out swinging
Top of the 7th over - 0 runs, 1 hit, 0 errors, 1 left on base; Seattle 2 - Echo Park 4
BOTTOM OF THE 7TH
Echo Park Lakers batting - Pitching for Seattle Rocketeers : RHP John A. Mais
Batting: RHB Kyu-cheol Kye 0-0: Ground out 4-3 (Groundball, 4, EV 88.1 MPH)
Batting: RHB Mario Castillo 0-0: Called Strike
0-1: Foul Ball, location: 2F
0-2: SINGLE (Groundball, 5D, EV 109.4 MPH)
Batting: LHB Tomás Muinos 0-0: Ball
1-0: Called Strike
1-1: Ball
2-1: Called Strike
2-2: Foul Ball, location: 2F
2-2: Foul Ball, location: 2F
2-2: Strikes out looking
Batting: RHB Ryoma Yamamoto 0-0: Ball
1-0: Swinging Strike
1-1: Ball
2-1: SINGLE (Line Drive, 6MD, EV 107.5 MPH)
Mario Castillo to second
Batting: LHB Rich Watkins 0-0: Ball
Wild Pitch!
Mario Castillo to third
Ryoma Yamamoto to second
1-0: Swinging Strike
1-1: Fly out, F7 (Flyball, 7LMF, EV 86.2 MPH)
Bottom of the 7th over - 0 runs, 2 hits, 0 errors, 2 left on base; Seattle 2 - Echo Park 4
TOP OF THE 8TH
Seattle Rocketeers batting - Pitching for Echo Park Lakers : RHP Mark Collingwood
Batting: LHB Vicente Gonzáles 0-0: Called Strike
0-1: Fly out, F8 (Flyball, 78M, EV 88.1 MPH)
Batting: RHB Meester Gobbles-Rooster 0-0: Ball
1-0: Ball
2-0: Called Strike
2-1: Foul Ball, location: 2F
2-2: Ball
3-2: Ground out 6-3 (Groundball, 6, EV 89.4 MPH)
Batting: RHB Claudio Tappen 0-0: Foul Ball, location: 2F
0-1: Ball
1-1: Ball
2-1: Foul Ball, location: 2F
2-2: SINGLE (Groundball, 6MD, EV 100.0 MPH)
Batting: LHB Robby Young 0-0: Ball
1-0: Fly out, F6 (Line Drive, 6, EV 63.1 MPH)
Top of the 8th over - 0 runs, 1 hit, 0 errors, 1 left on base; Seattle 2 - Echo Park 4
BOTTOM OF THE 8TH
Echo Park Lakers batting - Pitching for Seattle Rocketeers : RHP John A. Mais
Batting: RHB Komotay Koffie 0-0: Ball
1-0: Ball
2-0: Ground out 5-3 (Groundball, 56, EV 91.9 MPH)
Batting: RHB Phil Gillespie 0-0: Called Strike
0-1: Ball
1-1: SOLO HOME RUN (Flyball, 7D, EV 107.5 MPH), Distance : 386 ft
Batting: RHB Felipe Campos 0-0: Ball
1-0: Foul Ball, location: 2F
1-1: Foul Ball, location: 2F
1-2: Ground out 5-3 (Groundball, 56S, EV 68.1 MPH)
Batting: LHB Wu-shun Chu 0-0: Ball
1-0: Called Strike
1-1: SINGLE (Line Drive, 56, EV 109.4 MPH)
Batting: RHB Kyu-cheol Kye 0-0: Ball
1-0: Ball
Wu-shun Chu steals 2nd base (no throw)
2-0: Called Strike
2-1: Fly out, F6 (Line Drive, 6, EV 68.1 MPH)
Bottom of the 8th over - 1 run, 2 hits, 0 errors, 1 left on base; Seattle 2 - Echo Park 5
TOP OF THE 9TH
Seattle Rocketeers batting - Pitching for Echo Park Lakers : RHP Mark Collingwood
Pitching: RHP Corbin Holling
Now at 3B: Freddy Torres
Batting: RHB Roger Caffyn 0-0: Ball
1-0: Called Strike
1-1: Ball
2-1: Ground out 5-3 (Groundball, 56S, EV 89.4 MPH)
Batting: LHB Thierry Honoré 0-0: Ball
1-0: Ball
2-0: Foul Ball, location: 2F
2-1: Foul Ball, location: 2F
2-2: Ball
3-2: Strikes out swinging
Batting: SHB Lodd Felton 0-0: Called Strike
0-1: Ball
1-1: Foul Ball, location: 2F
1-2: Strikes out swinging
Top of the 9th over - 0 runs, 0 hits, 0 errors, 0 left on base; Seattle 2 - Echo Park 5
Friday, April 17th, 2020 - OOTP Baseball 20.8 Build 74